 Dungeon Crawl Stone Soup version 0.21.1-1-g345015f (webtiles) character file.

133 tyranidshit the Skirmisher (level 4, -3/35 HPs)
             Began as a Demonspawn Abyssal Knight on July 26, 2018.
             Was a Follower of Lugonu.
             Slain by Terence
             ... wielding a +1 flail of protection
              (4 damage)
             ... on level 2 of the Dungeon.
             The game lasted 00:04:19 (910 turns).

tyranidshit the Skirmisher (DsAK)                    Turns: 910, Time: 00:04:19

Health: -3/35      AC: 19    Str: 12    XL:     4   Next: 93%
Magic:  0/0        EV:  3    Int: 13    God:    Lugonu [*.....]
Gold:   54         SH:  0    Dex: 17    Spells: 3/3 levels left

rFire    + . .     SeeInvis .   a - +1 hand axe
rCold    + + +     Gourm    +   (no shield)
rNeg     . . .     Faith    .   f - +6 plate armour of Darkness {rElec rC+++ MP-9 Dex+5}
rPois    .         Spirit   .   (no helmet)
rElec    +         Reflect  .   (no cloak)
rCorr    +         Harm     .   (no gloves)
MR       +....                  (no boots)
Stlth    ..........             g - amulet of the gourmand
HPRegen  0.11/turn              e - ring of wizardry
MPRegen  0.07/turn              h - ring of resist corrosion

@: no status effects
A: slimy green scales 1, fire resistance 1, frail 1, magic resistance 1, weak 1
a: Depart the Abyss, Renounce Religion


You were on level 2 of the Dungeon.
You worshipped Lugonu.
Lugonu was aware of your devotion.
You were not hungry.

You visited 1 branch of the dungeon, and saw 2 of its levels.
You visited the Abyss 1 time.

You collected 54 gold pieces.

Inventory:

Hand Weapons
 a - a +1 hand axe (weapon)
Armour
 f - the +6 plate armour of Darkness (worn) {rElec rC+++ MP-9 Dex+5}
   (You found it on level 2 of the Abyss)

   It affects your dexterity (+5).
   It renders you almost immune to cold.
   It insulates you from electricity.
   It affects your magic capacity (-9).
Jewellery
 e - a ring of wizardry (left hand)
 g - an amulet of the gourmand (around neck)
 h - a ring of resist corrosion (right hand)
Scrolls
 j - 2 scrolls of identify
Potions
 i - a potion of agility
Comestibles
 c - 7 rations


   Skills:
 - Level 5.0 Fighting
 - Level 1.7 Axes
 + Level 2.9 Armour
 - Level 0.8 Dodging
 - Level 2.4 Invocations


You had 3 spell levels left.
You didn't know any spells.

Dungeon Overview and Level Annotations

Branches:
Dungeon (2/15)

Altars:
Uskayaw

Annotations:
D:2 Terence


Innate Abilities, Weirdness & Mutations

You are partially covered in slimy green scales. (AC +2)
Your flesh is heat resistant. (rF+)
You are frail. (-10% HP)
You are resistant to hostile enchantments. (MR+)
You are weak. (Str -2)


Message History

Terence is almost dead.
Terence hits you but does no damage.
Your plate armour of Darkness prevents you from hitting Terence.
Terence is almost dead.
Terence hits you with a flail of protection.
Your plate armour of Darkness prevents you from hitting Terence.
Terence is almost dead.
Terence hits you but does no damage.
You hit Terence but do no damage.
Terence is almost dead.
Terence hits you with a flail of protection!
* * * LOW HITPOINT WARNING * * *
Your plate armour of Darkness prevents you from hitting Terence.
Terence is almost dead.
Terence hits you but does no damage.
Okay, then.
Your plate armour of Darkness prevents you from hitting Terence.
Terence is almost dead.
Terence hits you with a flail of protection.
You die...

####### #..)..#
#.....# #### #.....+
$.# ######.....#####.#
#..............#.###
#.>.........##.#...##
#...@@.....[....<...#
#.........†..#.†....##
#...........##...##...
#..............#......
#<.$.......#####.#<#..
#..........#.....#....
#..........#.###...#..
############.##.......
#.......##.


You could see Terence.

Vanquished Creatures
  A centaur zombie (D:2)
  An orc wizard (D:2)
  3 adders (D:2)
  An ooze (D:1)
  2 dart slugs (D:1)
  2 orcs (D:2)
  3 ball pythons
  3 bats
  2 giant cockroaches (D:1)
  6 hobgoblins
  2 frilled lizards (D:2)
  A goblin (D:1)
  4 kobolds (D:1)
  4 rats (D:1)
35 creatures vanquished.

Notes
Turn   | Place    | Note
-------+----------+-------------------------------------------
     0 | Abyss:1  | tyranidshit the Demonspawn Abyssal Knight began the quest for the Orb.
     0 | Abyss:1  | Reached XP level 1. HP: 18/18 MP: 2/2
    78 | Abyss:1  | Noticed an ancient zyme
    82 | Abyss:2  | Found a corrupted altar of Lugonu.
    88 | Abyss:2  | Got a faintly humming plate armour
    92 | Abyss:2  | Noticed an iron imp
    99 | Abyss:3  | Found a corrupted altar of Lugonu.
   115 | Abyss:3  | Noticed an orange crystal statue
   117 | D:1      | Escaped the Abyss
   128 | D:1      | Identified the +6 plate armour of Darkness {rElec rC+++ MP-9 Dex+5} (You found it on level 2 of the Abyss)
   213 | D:1      | Gained mutation: You are partially covered in slimy green scales. (AC +2) [demonic ancestry]
   213 | D:1      | Reached XP level 2. HP: 23/24 MP: 0/3
   263 | D:1      | Reached * piety under Lugonu
   381 | D:1      | Reached skill level 4 in Fighting
   437 | D:1      | Reached XP level 3. HP: 30/30 MP: 0/4
   702 | D:2      | Found a hide-covered altar of Uskayaw.
   736 | D:2      | Reached skill level 5 in Fighting
   736 | D:2      | Gained mutation: Your flesh is heat resistant. (rF+) [demonic ancestry]
   736 | D:2      | Reached XP level 4. HP: 20/39 MP: 0/5
   745 | D:2      | Gained mutation: You are weak. (Str -2) [potion of mutation]
   745 | D:2      | Gained mutation: You are frail. (-10% HP) [potion of mutation]
   745 | D:2      | Gained mutation: You are resistant to hostile enchantments. (MR+) [potion of mutation]
   885 | D:2      | Noticed Terence
   908 | D:2      | HP: 1/35 [Terence/flail of protection (11)]
   910 | D:2      | Slain by Terence

Skill      XL: |  1  2  3  4 |
---------------+-------------+-----
Fighting       | 4 5 |  5.0
Armour         | 2 |  2.9
Axes           | |  1.7
Dodging        | |  0.8
Invocations    | |  2.4

Action                   |  1- 3 |  4- 6 || total
-------------------------+-------+-------++-------
Melee: Hand axe          |    83 |    72 ||   155
Invok: Depart the Abyss  |     1 |       ||     1
  Use: Potion            |     3 |     1 ||     4
       Scroll            |     1 |       ||     1
Armor: Plate armour      |    92 |    80 ||   172
Dodge: Dodged            |    13 |    13 ||    26
